 Dungeon Crawl Stone Soup version 0.31-a0-229-g1fc7ce93e2 (webtiles) character file.

Game seed: 2809702513638483171

653 qw the Shooter (level 7, 0/59 HPs)
             Began as a Minotaur Hexslinger on July 6, 2023.
             Slain by an orc warrior
             ... wielding a +2 trident of flaming
              (1 damage)
             ... on level 5 of the Dungeon.
             The game lasted 00:01:25 (3666 turns).

qw the Shooter (Minotaur Hexslinger)                Turns: 3666, Time: 00:01:26

Health: 0/59       AC:  7    Str: 12    XL:     7   Next: 28%
Magic:  0/7        EV: 12    Int: 10    God:
Gold:   168        SH:  0    Dex: 15    Spells: 7/8 levels left

rFire   . . .        Y - +0 orcbow
rCold   . . .        (shield currently unavailable)
rNeg    . . .        g - +2 leather armour {Will+}
rPois   .            (helmet restricted)
rElec   .            d - +0 cloak
rCorr   .            h - +0 pair of gloves
SInv    .            (no boots)
Will    +....        e - amulet of guardian spirit
Stlth   +            (no ring)
HPRegen 0.29/turn    (no ring)
MPRegen 0.10/turn

%: guardian spirit
@: no status effects
A: horns 2, retaliatory headbutt
a: no special abilities


You were on level 5 of the Dungeon.
You visited 1 branch of the dungeon, and saw 5 of its levels.

You collected 246 gold pieces.
You spent 78 gold pieces at shops.


Innate Abilities, Weirdness & Mutations

You have a pair of horns on your head.
You reflexively headbutt those who attack you in melee.


   Skills:
 - Level 4.0 Fighting
 + Level 7.9 Ranged Weapons
 - Level 2.0 Armour
 - Level 2.1 Dodging
 - Level 1.0 Spellcasting
 - Level 2.0 Hexes


You had 7 spell levels left.
You knew the following spells:

 Your Spells              Type           Power      Damage    Failure   Level
a - Slow                  Hex            16%        N/A       19%         1

Your spell library contained the following spells:

 Spells                   Type           Power      Damage    Failure   Level
 Inner Flame              Hex/Fire       2%         N/A       65%         3
 Portal Projectile        Hex/Tloc       4%         N/A       65%         3
 Cause Fear               Hex            2%         N/A       88%         4

Inventory:

Hand Weapons
 Y - a +0 orcbow (weapon)
Armour
 d - a +0 cloak (worn)
 g - a +2 leather armour of willpower (worn)
 h - a +0 pair of gloves (worn)
Jewellery
 e - an amulet of guardian spirit (around neck)
Scrolls
 c - 2 scrolls of identify
 f - a scroll of teleportation {unknown}
Potions
 a - 3 potions of curing
 b - a potion of resistance
 n - a potion of might

Dungeon Overview and Level Annotations

Branches:
Dungeon (5/15)
 Temple: D:4-7

Altars:
Ashenzari
Gozag
Makhleb
Xom
Yredelemnul

Shops:
D:2 ?

Annotations:
D:3 2 runed translucent doors, qw's ghost, amateur GrHs


Message History

The arrow barely misses the orc warrior.
You shoot an arrow.
The arrow hits the orc warrior but does no damage.
An orc wizard comes into view. It is wielding a +0 dagger.
The orc warrior closely misses you.
The orc warrior hits you from afar with a +2 trident of flaming.
The orc warrior burns you.
You shoot an arrow. The arrow hits the orc warrior.
The orc warrior is moderately wounded.
The orc warrior misses you.
You shoot an arrow. The arrow hits the orc.
The orc is moderately wounded.
The orc hits you but does no damage.
The orc warrior hits you from afar with a +2 trident of flaming!
The orc warrior burns you.
You shoot an arrow. The arrow closely misses the orc.
The orc closely misses you. You furiously retaliate!
You headbutt the orc!
You kill the orc!
The orc warrior completely misses you.
You shoot an arrow.
The arrow hits the orc warrior but does no damage.
The orc warrior is lightly wounded.
The orc warrior hits you from afar with a +2 trident of flaming!
The orc warrior burns you.
You shoot an arrow.
The arrow barely misses the orc warrior.
The orc warrior hits you from afar with a +2 trident of flaming!
The orc warrior burns you.
You shoot an arrow.
The arrow hits the orc warrior but does no damage.
The orc warrior is lightly wounded.
An orc comes into view. It is wielding a +0 trident.
The orc warrior hits you from afar with a +2 trident of flaming.
The orc warrior burns you.
You shoot an arrow.
The arrow closely misses the orc wizard.
The orc wizard barely misses you. The orc warrior completely misses you.
The orc warrior hits you from afar with a +2 trident of flaming!
The orc warrior burns you.
You die...

.. #.#... #..# .# ...
#.#... #####..#
.##....##.#..#
##...#..##.. ..#........
.....#....o# #..........
...........# #.....%<...
.........o.###..........
.......)....##........).
.......@o.#.##..........
........................
#######.#...##...>......
.......)................
#######.#............#..
#.####..## #.# #)# ##.##
#.< #)###..# #.. .
#.##..:# #).


You could see an orc warrior, an orc wizard and an orc.

Vanquished Creatures
  A black bear (D:4)
  2 phantoms
  A scorpion (D:5)
  A jelly (D:5)
  A hound (D:4)
  3 orc priests (D:5)
  Ijyb (D:3)
  An iguana (D:5)
  6 adders
  A white imp (D:5)
  An ufetubus (D:4)
  2 worms
  3 dart slugs
  5 orcs (D:5)
  7 ball pythons
  8 bats
  9 endoplasms
  3 giant cockroaches
  3 goblins
  9 hobgoblins
  4 kobolds (D:1)
  2 quokkas
  5 frilled lizards
  5 rats
84 creatures vanquished.

Notes
Turn   | Place    | Note
-------+----------+-------------------------------------------
     0 | D:1      | qw the Minotaur Hexslinger began the quest for the Orb.
     0 | D:1      | Reached XP level 1. HP: 16/16 MP: 1/1
     0 | D:1      | 0 ||| qw: Version: 0.3-a-46-gb1f654a
     0 | D:1      | 0 ||| qw: Game counter: 1537
     0 | D:1      | 0 ||| qw: Melee chars always use a shield: true
     0 | D:1      | 0 ||| qw: God list: Okawaru
     0 | D:1      | 0 ||| qw: Allow faded altars: false
     0 | D:1      | 0 ||| qw: Do Orc after clearing Dungeon:15 true
     0 | D:1      | 0 ||| qw: Do second Lair branch before Depths: true
     0 | D:1      | 0 ||| qw: Lair rune preference: random
     0 | D:1      | 0 ||| qw: Goals: Normal
     0 | D:1      | 0 ||| PLANNING D:1-11
    42 | D:1      | 42 ||| FLEEEEING.
    43 | D:1      | 43 ||| FLEEEEING.
    44 | D:1      | 44 ||| FLEEEEING.
   111 | D:1      | Reached skill level 3 in Ranged Weapons
   111 | D:1      | Reached XP level 2. HP: 23/23 MP: 2/2
   649 | D:1      | Reached XP level 3. HP: 29/29 MP: 3/3
   716 | D:1      | 716 ||| UPGRADING to +0 cloak.
   721 | D:1      | 721 ||| UPGRADING to +2 leather armour of willpower.
   731 | D:1      | 731 ||| DROPPING +0 robe.
   732 | D:1      | 732 ||| UPGRADING to +0 pair of gloves.
   737 | D:1      | 737 ||| READING scroll labelled IHULISUECU.
   791 | D:1      | 791 ||| READING scroll labelled OTOASONIGRA.
   792 | D:1      | 792 ||| DROPPING scroll of poison.
   925 | D:2      | Found a basalt altar of Yredelemnul.
  1012 | D:2      | Reached skill level 4 in Ranged Weapons
  1055 | D:2      | Found Nuhy's Magic Scroll Shop.
  1115 | D:2      | 1115 ||| BUYING scroll of identify (26 gold).
  1115 | D:2      | Bought a scroll of identify for 26 gold pieces
  1115 | D:2      | 1115 ||| BUYING scroll of identify (26 gold).
  1115 | D:2      | Bought a scroll of identify for 26 gold pieces
  1115 | D:2      | 1115 ||| BUYING scroll of identify (26 gold).
  1115 | D:2      | Bought a scroll of identify for 26 gold pieces
  1219 | D:2      | Reached XP level 4. HP: 36/36 MP: 4/4
  1478 | D:2      | Found a faded altar of an unknown god.
  1500 | D:2      | Reached skill level 5 in Ranged Weapons
  1687 | D:2      | 1687 ||| DROPPING ring of flight.
  1688 | D:2      | 1688 ||| READING scroll labelled OGIURCHE DAEBE.
  1689 | D:2      | 1689 ||| DRINKING 3 inky potions.
  1690 | D:2      | 1690 ||| READING 4 scrolls of identify.
  1690 | D:2      | 1690 ||| IDENTIFYING glowing clear potion
  1691 | D:2      | 1691 ||| READING 3 scrolls of identify.
  1691 | D:2      | 1691 ||| IDENTIFYING bubbling ruby potion
  1692 | D:2      | 1692 ||| READING 2 scrolls of identify.
  1692 | D:2      | 1692 ||| IDENTIFYING metallic sapphire potion
  1693 | D:2      | 1693 ||| DROPPING potion of brilliance.
  1723 | D:3      | 1723 ||| PLANNING SEWER
  1842 | D:3      | Found a large runed translucent door.
  1843 | D:3      | Found a large runed translucent door.
  1844 | D:3      | Noticed qw's ghost (amateur GrHs)
  1855 | D:3      | Found a shimmering altar of Xom.
  1864 | D:3      | Noticed Ijyb
  1866 | D:3      | 1866 ||| FLEEEEING.
  1867 | D:3      | 1867 ||| FLEEEEING.
  1868 | D:3      | 1868 ||| FLEEEEING.
  1892 | D:3      | HP: 8/36 [Ijyb/+0 club (4)]
  1893 | D:3      | 1893 ||| DRINKING potion of heal wounds.
  1899 | D:3      | Killed Ijyb
  1976 | D:3      | Reached skill level 3 in Fighting
  1976 | D:3      | Reached XP level 5. HP: 45/45 MP: 5/5
  2354 | D:3      | 2354 ||| RIP SEWER
  2559 | D:3      | 2559 ||| PLANNING D:1-11
  2559 | D:3      | 2559 ||| READING 2 scrolls of identify.
  2559 | D:3      | 2559 ||| IDENTIFYING yellow potion
  2560 | D:3      | 2560 ||| DROPPING potion of invisibility.
  2805 | D:4      | Found a burning altar of Makhleb.
  2805 | D:4      | Noticed an Executioner
  2876 | D:4      | Found an opulent altar of Gozag.
  3027 | D:4      | Noticed a phantom
  3049 | D:4      | Killed a phantom
  3148 | D:4      | 3148 ||| SWAPPING to +0 orcbow.
  3150 | D:4      | 3150 ||| DROPPING +1 sling.
  3226 | D:4      | Noticed a black bear
  3232 | D:4      | Found a broken altar of Ashenzari.
  3248 | D:4      | Killed a black bear
  3249 | D:4      | Reached skill level 6 in Ranged Weapons
  3249 | D:4      | Reached XP level 6. HP: 51/51 MP: 6/6
  3476 | D:4      | 3476 ||| UPGRADING to amulet of guardian spirit.
  3481 | D:4      | 3481 ||| READING scroll labelled QUMEOCL MOASH.
  3482 | D:4      | 3482 ||| READING scroll labelled PACZI SEGU.
  3483 | D:4      | 3483 ||| DRINKING 3 fuming coppery potions.
  3522 | D:4      | 3522 ||| DRINKING 2 gluggy clear potions.
  3523 | D:4      | 3523 ||| READING 4 scrolls of identify.
  3523 | D:4      | 3523 ||| IDENTIFYING emerald potion
  3524 | D:4      | 3524 ||| READING 3 scrolls of identify.
  3524 | D:4      | 3524 ||| IDENTIFYING green potion
  3525 | D:4      | 3525 ||| DROPPING potion of attraction.
  3526 | D:4      | 3526 ||| DROPPING 2 potions of lignification.
  3527 | D:4      | 3527 ||| DROPPING potion of berserk rage.
  3537 | D:5      | Entered Level 5 of the Dungeon
  3608 | D:5      | 3608 ||| Stepping ~*~*~tactically~*~*~ (outnumbered).
  3616 | D:5      | Reached skill level 7 in Ranged Weapons
  3630 | D:5      | Reached XP level 7. HP: 59/59 MP: 7/7
  3665 | D:5      | HP: 14/59 [orc warrior/+2 trident of flaming (2)]
  3666 | D:5      | HP: 1/59 [orc warrior/+2 trident of flaming (14)]
  3666 | D:5      | Slain by an orc warrior

Levels and vault maps discovered:
D:1:      amcnicky_arrival_wind_blow, layout_basic,
          chequers_serial_rivers_marsh, minmay_misc_feat_tower,
          minmay_octomino_j4
D:2:      layout_loops_ring, nicolae_ecumenical_snake_handling, serial_shops,
          nicolae_shop_gibbet_a_chance, basic_altar, kennysheep_big_empty_room,
          corexii_item_surrounded_by_moat
D:3:      layout_loops_ring, mainiacjoe_overflow_catwalk,
          ebering_ghost_disaster_area, portal_sewer_entry_d,
          minmay_misc_feat_secret_circle, uniq_ijyb
D:4:      layout_cave_pods, nicolae_gozag_seed_capital,
          makhleb_altar_promises_db, mainiacjoe_overflow_concentric_impassable,
          bh_walls_and_bars
D:5:      layout_rooms, yredelemnul_forgotten_temple_becter,
          chequers_serial_rivers_room_a

Skill      XL: |  1  2  3  4  5  6 |
---------------+-------------------+-----
Ranged Weapons | 3 4 5 6 7 |  7.9
Fighting       | 2 3 4 |  4.0
Armour         | 2 |  2.0
Dodging        | |  2.1
Spellcasting   | |  1.0
Hexes          | |  2.0

Action                     |  1- 3 |  4- 6 |  7- 9 || total
---------------------------+-------+-------+-------++-------
   Fire: Sling             |   110 |   147 |       ||   257
         Orcbow            |       |    41 |    25 ||    66
    Use: Scroll            |     2 |     9 |       ||    11
         Potion            |       |     4 |       ||     4
 Armour: Robe              |     5 |       |       ||     5
         Leather armour    |    11 |    50 |     2 ||    63
  Dodge: Dodged            |    37 |    67 |     6 ||   110

Table legend:
 A = Non-vault XP
 B = Vault XP
 C = Vault XP percentage of total XP
 D = Non-vault monster count
 E = Vault monster count
 F = Vault count percentage of total count
                 A         B        C        D         E       F
            +---------+---------+-------+---------+---------+-------
      Total |     847 |      86 |   9.2 |      74 |      10 |  11.9
            +---------+---------+-------+---------+---------+-------
        D:1 |      38 |       7 |  15.6 |      22 |       4 |  15.4
        D:2 |      71 |      29 |  29.0 |      17 |       4 |  19.0
        D:3 |      10 |      50 |  83.3 |       6 |       2 |  25.0
        D:4 |     301 |       0 |   0.0 |      15 |       0 |   0.0
        D:5 |     427 |       0 |   0.0 |      14 |       0 |   0.0
            +---------+---------+-------+---------+---------+-------
